 Dungeon Crawl Stone Soup version 0.28.0-1-gb440e238dd (webtiles) character file.

Game seed: 8628653323234765666

2982 Zeld the Thaumaturge (level 9, -4/54 HPs)
             Began as a Gargoyle Earth Elementalist on Feb 26, 2022.
             Was a Believer of Vehumet.
             Slain by a kobold brigand (7 damage)
             ... in a bailey.
             The game lasted 00:16:13 (11911 turns).

Zeld the Thaumaturge (Gargoyle Earth Elementalist) Turns: 11911, Time: 00:16:14

Health: -4/54      AC:  9    Str: 12    XL:     9   Next: 83%
Magic:  21/32      EV: 11    Int: 20    God:    Vehumet [**....]
Gold:   302        SH:  0    Dex: 10    Spells: 18/28 levels left

rFire   . . .      SeeInvis +   a - +1 whip (flame)
rCold   . . .      Faith    .   (no shield)
rNeg    + . .      Spirit   .   p - +0 leather armour
rPois   ∞          Reflect  .   (no helmet)
rElec   +          Harm     .   (no cloak)
rCorr   .          Rampage  .   (no gloves)
Will    .....                   (no boots)
Stlth   ++........              (no amulet)
HPRegen 0.18/turn               r - ring of see invisible
MPRegen 0.23/turn               u - ring of magical power

@: studying Spellcasting
A: sickness immunity, AC +6, negative energy resistance 1, electricity
resistance, torment resistance 1, petrification resistance
a: Renounce Religion


You were in a bailey.
You worshipped Vehumet.
Vehumet was pleased with you.
You visited 2 branches of the dungeon, and saw 8 of its levels.
You also visited: Bailey.

You collected 302 gold pieces.

Inventory:

Hand Weapons
 a - a +1 whip of flaming (weapon)
Missiles
 c - 153 stones
Armour
 p - a +0 leather armour (worn)
Jewellery
 i - a ring of protection from cold
 r - a ring of see invisible (left hand)
 t - a ring of protection from fire
 u - a ring of magical power (right hand)
Scrolls
 d - a scroll of teleportation
 k - a scroll of amnesia {unknown}
 m - a scroll of acquirement {unknown}
 n - a scroll of magic mapping {unknown}
 o - a scroll of enchant armour {unknown}
 v - a scroll of noise {unknown}
 y - a scroll of silence {unknown}
Potions
 b - a potion of magic {unknown}
 g - a potion of heal wounds {unknown}
 h - 2 potions of curing {unknown}
 q - 2 potions of brilliance {unknown}
 s - a potion of ambrosia {unknown}
 w - a potion of cancellation {unknown}
 x - a potion of lignification {unknown}


   Skills:
 - Level 5.0 Fighting
 * Level 2.6 Maces & Flails
 - Level 2.0 Dodging
 - Level 4.0 Stealth
 * Level 10.1 Spellcasting
 * Level 2.8 Conjurations
 - Level 2.0 Summonings
 - Level 2.0 Transmutations
 * Level 9.7 Earth Magic


You had 18 spell levels left.
You knew the following spells:

 Your Spells              Type           Power      Damage    Failure   Level
a - Sandblast             Erth           98%        2d20      1%          1
b - Passwall              Tmut/Erth      27%        N/A       1%          2
c - Stone Arrow           Conj/Erth      70%        3d11      1%          3
d - Animate Armour        Summ/Erth      66%        N/A       8%          4

Your spell library contained the following spells:

 Spells                   Type           Power      Damage    Failure   Level
 Searing Ray              Conj           42%        2d6       4%          2
 Petrify                  Tmut/Erth      33%        N/A       8%          4
 Lehudib's Crystal Spear  Conj/Erth      17%        10d5      100%        8


Dungeon Overview and Level Annotations

Branches:
Dungeon (7/15)             Temple (1/1) D:4          Bailey (1/1)

Altars:
Ashenzari
Cheibriados
Dithmenos
Elyvilon
Fedhas
Gozag
Hepliaklqana
Kikubaaqudgha
Makhleb
Nemelex Xobeh
Okawaru
Qazlal
Ru
Sif Muna
Trog
Uskayaw
Vehumet
Wu Jian
Xom
Yredelemnul
Zin
The Shining One


Innate Abilities, Weirdness & Mutations

You are immune to sickness and miasma.
Your stone body is resilient. (AC +6)
You are immune to poison.
You resist negative energy. (rN+)
You are resistant to electric shocks. (rElec)
You are resistant to unholy torment.
You are immune to petrification.


Message History

Casting: Stone Arrow (safe; 1% risk of failure)
Confirm with . or Enter, or press ? or * to list all spells.
Aiming: Stone Arrow (safe; 1% risk of failure)
Press: ? - help, Shift-Dir - straight line, f/p - kobold brigand
Aim: a kobold brigand, wielding a +0 war axe and quivering poisoned darts (severely wounded, 67% to hit)
The stone arrow misses the kobold brigand.
Unknown command.
Casting: Stone Arrow (safe; 1% risk of failure)
Confirm with . or Enter, or press ? or * to list all spells.
Aiming: Stone Arrow (safe; 1% risk of failure)
Press: ? - help, Shift-Dir - straight line, f/p - kobold brigand
Aim: a kobold brigand, wielding a +0 war axe and quivering poisoned darts (severely wounded, 67% to hit)
The stone arrow misses the kobold brigand.
The kobold brigand barely misses you.
Unknown command.
Casting: Stone Arrow (safe; 1% risk of failure)
Confirm with . or Enter, or press ? or * to list all spells.
Aiming: Stone Arrow (safe; 1% risk of failure)
Press: ? - help, Shift-Dir - straight line, f/p - kobold brigand
Aim: a kobold brigand, wielding a +0 war axe and quivering poisoned darts (severely wounded, 67% to hit)
The stone arrow hits the kobold brigand!!
You kill the kobold brigand!
Vehumet accepts your kill.
You enter the shallow water.
Moving in this stuff is going to be slow.
The kobold brigand shouts!
You hear a shout!
The kobold throws a boomerang.
The boomerang hits you but does no damage.
The kobold throws a boomerang.
The boomerang completely misses you.
The kobold brigand throws a curare-tipped dart.
The curare-tipped dart hits you.
The kobold shouts!
The kobold barely misses you.
The kobold brigand hits you but does no damage.
The orc warrior hits you with a +0 battleaxe!!
* * * LOW HITPOINT WARNING * * *
The kobold throws a boomerang.
The boomerang barely misses you. The kobold barely misses you.
The kobold brigand hits you with a +0 war axe!
You die...

#...KK..#
#....(..#
##..∩..## ##'''##
#...# #.K.# #..(#
####(..####
##≈.@K....≈#
#####≈≈K.oK...≈≈#
#....≈o......K≈≈..
#.###≈≈.......≈≈##
#....≈≈.......≈≈..
#.###≈≈.......≈≈##
#....≈≈.......≈≈.
#o###≈≈.......≈≈
#....≈≈.......≈≈


You could see 2 orc warriors, 2 kobold brigands and 3 kobolds.

Vanquished Creatures
  Pikel (D:5)
  Prince Ribbit (D:5)
  2 water moccasins
  An ice beast (D:4)
  A sky beast (D:6)
  2 necrophages
  4 ogres
  A lemure (D:5)
  A phantom (D:4)
  A kobold brigand (Bailey)
  2 bullfrogs (D:7)
  4 scorpions
  2 water moccasin skeletons
  2 hounds
  A jelly (D:6)
  A gnoll shaman (D:6)
  4 orc priests
  4 iguanas
  Natasha (thrice) (D:3)
  6 orc wizards
  A howler monkey zombie (D:7)
  6 gnolls
  4 adders
  A white imp (D:7)
  2 ufetubi
  3 adder skeletons
  A worm (D:3)
  3 dart slugs
  29 orcs
  3 ball pythons
  5 endoplasms
  10 giant cockroaches
  10 goblins
  9 hobgoblins
  4 jackals (D:5)
  15 kobolds
  3 quokkas
  6 bats
  A frilled lizard (D:2)
  4 rats
164 creatures vanquished.

Notes
Turn   | Place    | Note
-------+----------+-------------------------------------------
     0 | D:1      | Zeld the Gargoyle Earth Elementalist began the quest for
                  | the Orb.
     0 | D:1      | Reached XP level 1. HP: 10/10 MP: 3/3
   451 | D:1      | Reached skill level 1 in Transmutations
   459 | D:1      | Reached XP level 2. HP: 10/15 MP: 0/5
   462 | D:1      | Learned a level 2 spell: Passwall
  1593 | D:1      | Reached XP level 3. HP: 15/19 MP: 4/7
  1598 | D:1      | Reached skill level 3 in Spellcasting
  1602 | D:1      | Learned a level 3 spell: Stone Arrow
  2363 | D:2      | Found a faded altar of an unknown god.
  2375 | D:2      | Noticed a floating eye
  2377 | D:2      | Noticed a shining eye
  2377 | D:2      | Noticed a great orb of eyes
  2377 | D:2      | Noticed a golden eye
  2793 | D:3      | Noticed a necrophage
  2808 | D:3      | Reached XP level 4. HP: 24/24 MP: 5/9
  3281 | D:3      | Killed a necrophage
  3282 | D:3      | Reached skill level 1 in Fighting
  3282 | D:3      | Reached skill level 4 in Spellcasting
  3282 | D:3      | Reached XP level 5. HP: 27/29 MP: 0/11
  3376 | D:3      | Learned a level 4 spell: Animate Armour
  3609 | D:3      | Reached skill level 5 in Earth Magic
  4058 | D:3      | Found a faded altar of an unknown god.
  4063 | D:3      | Found a hazy altar of Hepliaklqana.
  4125 | D:3      | Reached XP level 6. HP: 31/35 MP: 3/12
  4369 | D:4      | Found a staircase to the Ecumenical Temple.
  4380 | Temple   | Entered the Ecumenical Temple
  4548 | Temple   | Became a worshipper of Vehumet
  5178 | D:3      | Noticed Natasha
  5179 | D:3      | Killed Natasha
  5331 | D:3      | Noticed Natasha
  5338 | D:3      | Killed Natasha
  5339 | D:3      | Reached skill level 5 in Spellcasting
  5508 | D:3      | Noticed Natasha
  5513 | D:3      | Killed Natasha
  5686 | D:4      | Noticed an ice beast
  5713 | D:4      | Killed an ice beast
  5714 | D:4      | Reached skill level 1 in Summonings
  5714 | D:4      | Reached XP level 7. HP: 28/40 MP: 2/15
  6992 | D:4      | Reached skill level 6 in Spellcasting
  7585 | D:4      | Reached XP level 8. HP: 44/46 MP: 0/17
  7729 | D:5      | Entered Level 5 of the Dungeon
  7795 | D:5      | Reached skill level 7 in Spellcasting
  7941 | D:5      | Noticed Pikel
  8004 | D:4      | Reached * piety under Vehumet
  8004 | D:4      | Offered knowledge of Freeze by Vehumet.
  8857 | D:5      | Noticed Prince Ribbit
  8863 | D:5      | Killed Prince Ribbit
  8864 | D:5      | Reached skill level 8 in Spellcasting
  9215 | D:5      | Reached XP level 9. HP: 52/52 MP: 21/21
  9537 | D:5      | Killed Pikel
  9538 | D:5      | Reached skill level 9 in Spellcasting
 10456 | D:6      | Reached skill level 5 in Fighting
 10456 | D:6      | Reached skill level 1 in Maces & Flails
 10456 | D:6      | Reached skill level 1 in Conjurations
 10788 | D:6      | Found a white marble altar of Elyvilon.
 11666 | D:7      | Reached skill level 10 in Spellcasting
 11778 | D:7      | Reached ** piety under Vehumet
 11778 | D:7      | Offered knowledge of Searing Ray by Vehumet.
 11780 | D:7      | Found a flagged portal.
 11814 | Bailey   | Entered a bailey
 11874 | Bailey   | Found a bloodstained altar of Trog.
 11911 | Bailey   | Slain by a kobold brigand

Illustrated notes

Levels and vault maps discovered:
D:1:      ebering_trefoil_3fold, layout_loops_corners
D:2:      layout_loops_ring, hellmonk_ecumenical_altar_watching_god
D:3:      layout_basic, nicolae_overflow_ecumenical_swirl,
          guppyfry_early_orc_mine, uniq_natasha
D:4:      layout_loops_corners, minmay_temple_entry_butterflies,
          hangedman_minor_gate_pass
D:5:      layout_loops_cross, uniq_pikel, uniq_prince_ribbit1
D:6:      layout_basic, mainiacjoe_overflow_catwalk, serial_corexii_hall,
          corexii_hall_statues_l, chequers_hall_statues_wall_a,
          chequers_hall_statues_corner_a
D:7:      layout_basic, enter_bailey_3
Temple:   mainiacjoe_temple_big_plus
Bailey:   bailey_axe_3, bailey

Skill      XL: |  1  2  3  4  5  6  7  8  9 |
---------------+----------------------------+-----
Transmutations | 1 2 |  2.0
Spellcasting   | 3 4 5 6 8 10 | 10.1
Dodging        | 2 |  2.0
Earth Magic    | 4 5 6 8 9 |  9.7
Fighting       | 1 2 3 4 5 |  5.0
Stealth        | 3 4 |  4.0
Summonings     | 1 2 |  2.0
Maces & Flails | 2 |  2.6
Conjurations   | 2 |  2.8

Action                   |  1- 3 |  4- 6 |  7- 9 || total
-------------------------+-------+-------+-------++-------
Melee: Unarmed           |    32 |    36 |    16 ||    84
       Punch             |       |     1 |       ||     1
       Whip              |       |       |    18 ||    18
 Cast: Sandblast         |    51 |    35 |    32 ||   118
       Stone Arrow       |       |    25 |   155 ||   180
       Animate Armour    |       |     1 |     2 ||     3
  Use: Scroll            |       |       |     6 ||     6
 Stab: Sleeping          |     2 |       |       ||     2
Armor: Robe              |    19 |    19 |    11 ||    49
       Leather armour    |       |       |    36 ||    36
Dodge: Dodged            |    36 |    56 |   102 ||   194
